General information
- name: BNet
- type: Ladder team game (AT/RT)
- host: Battle.net
- saver: VIadTheImpaler
map: TwilightRuins
- players: 8
- length: 38:11
- speed: Fast
- version: 1.26 W3XP
- replay type: Public
» download(198 KB)
Players
team 1 (loser)

»
g00b (
green | 46 APM | 989 actions | 21:28)
6 Dreadlord
2 Sleep
3 Vampiric Aura
1 Inferno
1 Death Knight
1 Unholy Aura
» actions
| Assign group hotkey | 20 | |
| Basic commands | 125 | |
| Build / train | 63 | |
| Enter build submenu | 13 | |
| Enter hero's abilities submenu | 7 | |
| Give item / drop item | 4 | |
| Right click | 303 | |
| Select / deselect | 247 | |
| Select group hotkey | 146 | |
| Use ability | 61 | |
989 total
» units
| Acolyte | 18 | |
| Ghoul | 13 | |
| Crypt Fiend | 3 | |
| Abomination | 1 | |
| Obsidian Statue | 2 | |
37 total
» upgrades
| Web | 1 | |
| Cannibalize | 1 | |
| Disease Cloud | 1 | |
| Destroyer Form | 1 | |
| Ghoul Frenzy | 1 | |
| Unholy Strength | 1 | |
6 total
» buildings
| Crypt | 2 | |
| Ziggurat | 5 | |
| Altar of Darkness | 1 | |
| Halls of the Dead | 1 | |
| Graveyard | 1 | |
| Tomb of Relics | 1 | |
| Black Citadel | 1 | |
| Slaughterhouse | 2 | |
14 total
» build order
00:11 Crypt
00:13 Ziggurat
01:08 Crypt
01:11 Ziggurat
01:31 Altar of Darkness
02:55 Ziggurat
04:31 Halls of the Dead
05:18 Graveyard
05:20 Tomb of Relics
05:28 Ziggurat
07:22 Black Citadel
08:26 Slaughterhouse
08:29 Slaughterhouse
14:27 Ziggurat
» items
| Potion of Healing | 5 | |
| Scroll of Town Portal | 4 | |
| Orb of Lightning | 1 | |
10 total

»
Just_Learning (
yellow | 41 APM | 695 actions | 16:51)
3 Death Knight
2 Death Coil
1 Unholy Aura
2 Lich
1 Frost Nova
1 Frost Armor
2 Dark Ranger
1 Black Arrow
1 Silence
» actions
| Basic commands | 1 | |
| Build / train | 81 | |
| Enter build submenu | 15 | |
| Enter hero's abilities submenu | 7 | |
| Give item / drop item | 5 | |
| Remove unit from queue | 1 | |
| Right click | 292 | |
| Select / deselect | 248 | |
| Use ability | 45 | |
695 total
» units
| Acolyte | 19 | |
| Ghoul | 19 | |
| Goblin Shredder | 3 | |
| Frost Wyrm | 11 | |
52 total
» upgrades
| Creature Attack | 1 | |
| Creature Carapace | 1 | |
2 total
» buildings
| Crypt | 1 | |
| Graveyard | 1 | |
| Ziggurat | 7 | |
| Altar of Darkness | 1 | |
| Halls of the Dead | 1 | |
| Necropolis | 1 | |
| Tomb of Relics | 1 | |
| Black Citadel | 1 | |
| Sacrificial Pit | 1 | |
| Spirit Tower | 4 | |
| Boneyard | 4 | |
| Nerubian Tower | 1 | |
24 total
» build order
00:14 Crypt
00:26 Graveyard
00:43 Ziggurat
01:01 Altar of Darkness
01:13 Ziggurat
04:28 Halls of the Dead
05:19 Necropolis
05:26 Ziggurat
05:29 Tomb of Relics
06:49 Black Citadel
06:54 Ziggurat
06:56 Ziggurat
06:57 Ziggurat
06:58 Ziggurat
07:24 Sacrificial Pit
07:51 Spirit Tower
07:53 Spirit Tower
07:54 Spirit Tower
09:18 Boneyard
09:18 Boneyard
09:20 Boneyard
09:31 Boneyard
09:38 Nerubian Tower
09:48 Spirit Tower
» items
| Boots of Speed | 1 | |
| Potion of Healing | 1 | |
| Orb of Corruption | 6 | |
| Scroll of Town Portal | 1 | |
9 total
VIadTheImpaler (
orange | 94 APM | 3576 actions | 38:11)
8 Blademaster
3 Wind Walk
3 Critical Strike
1 Bladestorm
1 Mirror Image
» actions
| Assign group hotkey | 95 | |
| Basic commands | 36 | |
| Build / train | 150 | |
| ESC pressed | 24 | |
| Enter build submenu | 67 | |
| Enter hero's abilities submenu | 8 | |
| Give item / drop item | 15 | |
| Right click | 1362 | |
| Select / deselect | 423 | |
| Select group hotkey | 970 | |
| Use ability | 425 | |
3576 total
» units
| Peon | 17 | |
| Grunt | 3 | |
| Goblin Shredder | 4 | |
| Wind Rider | 1 | |
| Troll Batrider | 9 | |
| Raider | 4 | |
| Demolisher | 2 | |
40 total
» upgrades
| Pillage | 1 | |
| Armor | 3 | |
| Berserker Strength | 1 | |
| Ranged Weapons | 3 | |
| Reinforced Defenses | 1 | |
| Liquid Fire | 1 | |
| Spiked Barricades | 3 | |
| Envenomed Spears | 1 | |
| Melee Weapons | 3 | |
| Ensnare | 1 | |
| Burning Oil | 1 | |
19 total
» buildings
| Orc Burrow | 7 | |
| Barracks | 6 | |
| Altar of Storms | 1 | |
| Voodoo Lounge | 3 | |
| War Mill | 1 | |
| Watch Tower | 33 | |
| Stronghold | 7 | |
| Great Hall | 2 | |
| Fortress | 2 | |
| Beastiary | 8 | |
| Necropolis | 3 | |
73 total
» build order
00:21 Orc Burrow
00:57 Barracks
00:58 Altar of Storms
01:36 Orc Burrow
02:14 Voodoo Lounge
02:41 War Mill
03:13 Orc Burrow
03:57 Watch Tower
03:58 Watch Tower
04:49 Stronghold
04:49 Stronghold
04:49 Stronghold
05:04 Watch Tower
05:19 Great Hall
06:11 Watch Tower
06:46 Orc Burrow
07:16 Watch Tower
07:46 Watch Tower
07:49 Watch Tower
07:57 Watch Tower
08:08 Watch Tower
09:02 Watch Tower
09:03 Watch Tower
09:04 Watch Tower
09:22 Fortress
09:24 Watch Tower
09:27 Watch Tower
09:28 Watch Tower
11:09 Watch Tower
11:12 Watch Tower
11:15 Beastiary
11:19 Beastiary
11:21 Beastiary
13:59 Orc Burrow
14:38 Great Hall
14:39 Watch Tower
14:40 Watch Tower
14:41 Watch Tower
17:04 Stronghold
17:04 Stronghold
17:06 Beastiary
17:08 Beastiary
17:12 Beastiary
17:17 Watch Tower
17:19 Watch Tower
17:20 Watch Tower
17:22 Watch Tower
17:49 Watch Tower
17:50 Watch Tower
17:51 Watch Tower
17:52 Watch Tower
17:54 Watch Tower
18:41 Watch Tower
21:45 Watch Tower
21:46 Watch Tower
21:47 Watch Tower
24:43 Voodoo Lounge
25:45 Beastiary
25:46 Beastiary
34:20 Barracks
34:24 Barracks
34:26 Barracks
34:29 Barracks
34:30 Barracks
35:24 Necropolis
35:29 Necropolis
35:31 Necropolis
36:45 Orc Burrow
36:46 Orc Burrow
37:11 Voodoo Lounge
» items
| Boots of Speed | 1 | |
| Healing Salve | 7 | |
| Lesser Clarity Potion | 14 | |
| Staff of Teleportation | 1 | |
| Claws of Attack +6 | 2 | |
| Scroll of Town Portal | 6 | |
| Orb of Lightning | 1 | |
| Potion of Mana | 4 | |
| Scroll of Healing | 1 | |
| Dust of Appearance | 2 | |
| Potion of Healing | 6 | |
| Gloves of Haste | 1 | |
| Claws of Attack +9 | 1 | |
| Pendant of Energy | 1 | |
48 total

»
CivilianTrash (
red | 57 APM | 1022 actions | 17:48)
2 Dreadlord
1 Vampiric Aura
1 Carrion Swarm
1 Death Knight
1 Death Coil
» actions
| Assign group hotkey | 9 | |
| Basic commands | 24 | |
| Build / train | 50 | |
| Enter build submenu | 13 | |
| Enter hero's abilities submenu | 3 | |
| Right click | 516 | |
| Select / deselect | 159 | |
| Select group hotkey | 231 | |
| Use ability | 16 | |
1022 total
» units
| Acolyte | 12 | |
| Ghoul | 14 | |
| Crypt Fiend | 12 | |
38 total
» upgrades
| Unholy Strength | 1 | |
| Web | 1 | |
| Unholy Armor | 1 | |
3 total
» buildings
| Crypt | 1 | |
| Altar of Darkness | 1 | |
| Ziggurat | 5 | |
| Halls of the Dead | 1 | |
| Graveyard | 1 | |
| Spirit Tower | 3 | |
12 total
» build order
00:16 Crypt
00:25 Altar of Darkness
00:56 Ziggurat
02:00 Ziggurat
02:39 Halls of the Dead
03:58 Graveyard
04:49 Ziggurat
06:26 Spirit Tower
10:16 Spirit Tower
14:01 Ziggurat
15:10 Spirit Tower
16:45 Ziggurat
team 2 (winner)
THERION2 (
teal | 49 APM | 1850 actions | 37:55)
4 Death Knight
2 Death Coil
2 Unholy Aura
4 Dark Ranger
2 Silence
1 Black Arrow
1 Life Drain
» actions
| Assign group hotkey | 30 | |
| Basic commands | 2 | |
| Build / train | 87 | |
| Enter build submenu | 21 | |
| Enter hero's abilities submenu | 8 | |
| Remove unit from queue | 1 | |
| Right click | 693 | |
| Select / deselect | 449 | |
| Select group hotkey | 487 | |
| Use ability | 71 | |
1850 total
» units
| Acolyte | 27 | |
| Ghoul | 4 | |
| Peon | 2 | |
| Crypt Fiend | 6 | |
| Obsidian Statue | 5 | |
| Frost Wyrm | 5 | |
| Goblin Sapper | 1 | |
| Meatwagon | 1 | |
51 total
» upgrades
| Web | 1 | |
| Creature Attack | 2 | |
| Creature Carapace | 2 | |
| Destroyer Form | 1 | |
| Freezing Breath | 1 | |
7 total
» buildings
| Crypt | 1 | |
| Altar of Darkness | 1 | |
| Ziggurat | 9 | |
| Tomb of Relics | 1 | |
| Graveyard | 1 | |
| Halls of the Dead | 1 | |
| Necropolis | 2 | |
| Nerubian Tower | 3 | |
| Black Citadel | 1 | |
| Sacrificial Pit | 1 | |
| Slaughterhouse | 1 | |
| Boneyard | 2 | |
| Spirit Tower | 3 | |
27 total
» build order
00:11 Crypt
00:22 Altar of Darkness
00:35 Ziggurat
01:00 Ziggurat
01:14 Tomb of Relics
03:14 Graveyard
03:57 Halls of the Dead
04:01 Necropolis
04:50 Ziggurat
05:33 Nerubian Tower
05:46 Ziggurat
07:16 Black Citadel
07:59 Sacrificial Pit
08:02 Slaughterhouse
09:07 Ziggurat
09:07 Ziggurat
09:41 Boneyard
09:42 Boneyard
09:49 Nerubian Tower
10:19 Nerubian Tower
10:21 Spirit Tower
11:22 Ziggurat
13:27 Ziggurat
13:29 Nerubian Tower
13:34 Spirit Tower
14:57 Spirit Tower
19:41 Ziggurat
25:34 Necropolis
» items
| Rod of Necromancy | 1 | |
| Scroll of Town Portal | 4 | |
| Dust of Appearance | 1 | |
| Orb of Corruption | 1 | |
| Potion of Lesser Invulnerability | 2 | |
| Periapt of Vitality | 1 | |
10 total
HollywoodHogan (
purple | 53 APM | 2011 actions | 38:11)
9 Blademaster
3 Wind Walk
3 Critical Strike
1 Bladestorm
2 Mirror Image
» actions
| Assign group hotkey | 64 | |
| Basic commands | 85 | |
| Build / train | 111 | |
| Enter build submenu | 36 | |
| Enter hero's abilities submenu | 9 | |
| Give item / drop item | 9 | |
| Remove unit from queue | 1 | |
| Right click | 784 | |
| Select / deselect | 469 | |
| Select group hotkey | 278 | |
| Use ability | 165 | |
2011 total
» units
| Peon | 8 | |
| Grunt | 4 | |
| Goblin Shredder | 1 | |
| Goblin Zeppelin | 3 | |
| Wind Rider | 20 | |
| Goblin Sapper | 21 | |
| Troll Batrider | 6 | |
63 total
» upgrades
| Ranged Weapons | 3 | |
| Armor | 3 | |
| Reinforced Defenses | 1 | |
| Envenomed Spears | 1 | |
8 total
» buildings
| Orc Burrow | 4 | |
| Altar of Storms | 1 | |
| Barracks | 1 | |
| Voodoo Lounge | 1 | |
| Stronghold | 3 | |
| War Mill | 1 | |
| Great Hall | 2 | |
| Watch Tower | 21 | |
| Beastiary | 4 | |
| Fortress | 1 | |
39 total
» build order
00:13 Orc Burrow
00:54 Altar of Storms
00:56 Barracks
01:06 Orc Burrow
01:48 Voodoo Lounge
02:54 Stronghold
02:54 Stronghold
02:55 Stronghold
03:47 Orc Burrow
04:07 War Mill
05:32 Great Hall
05:49 Orc Burrow
06:08 Watch Tower
06:09 Watch Tower
06:10 Watch Tower
06:11 Watch Tower
07:14 Beastiary
07:15 Beastiary
08:42 Watch Tower
08:43 Watch Tower
08:44 Watch Tower
10:16 Watch Tower
10:17 Watch Tower
10:18 Watch Tower
10:19 Watch Tower
10:21 Watch Tower
11:41 Fortress
12:14 Watch Tower
12:16 Watch Tower
13:14 Watch Tower
13:15 Watch Tower
14:51 Watch Tower
14:53 Watch Tower
16:29 Watch Tower
16:32 Watch Tower
16:33 Watch Tower
17:28 Beastiary
17:29 Beastiary
29:56 Great Hall
» items
| Healing Salve | 8 | |
| Potion of Healing | 4 | |
| Lesser Clarity Potion | 4 | |
| Scroll of Town Portal | 3 | |
| Orb of Lightning | 1 | |
| Periapt of Vitality | 4 | |
| Staff of Teleportation | 1 | |
25 total
kevin-spacey- (
pink | 60 APM | 2274 actions | 38:11)
6 Blood Mage
2 Banish
3 Flame Strike
1 Summon Phoenix
» actions
| Assign group hotkey | 43 | |
| Basic commands | 66 | |
| Build / train | 94 | |
| Enter build submenu | 24 | |
| Enter hero's abilities submenu | 6 | |
| Give item / drop item | 3 | |
| Remove unit from queue | 1 | |
| Right click | 810 | |
| Select / deselect | 337 | |
| Select group hotkey | 759 | |
| Use ability | 131 | |
2274 total
» units
| Peasant | 11 | |
| Footman | 5 | |
| Goblin Shredder | 10 | |
| Sorceress | 10 | |
| Goblin Zeppelin | 1 | |
| Goblin Sapper | 7 | |
| Gryphon Rider | 5 | |
49 total
» upgrades
| Masonry | 3 | |
| Lumber Harvesting | 1 | |
| Sorceress Training | 2 | |
| Magic Sentry | 1 | |
7 total
» buildings
| Altar of Kings | 2 | |
| Barracks | 1 | |
| Farm | 8 | |
| Scout Tower | 28 | |
| Lumber Mill | 1 | |
| Arcane Tower | 1 | |
| Arcane Vault | 1 | |
| Town Hall | 1 | |
| Keep | 1 | |
| Guard Tower | 10 | |
| Arcane Sanctum | 2 | |
| Castle | 1 | |
| Gryphon Aviary | 3 | |
60 total
» build order
00:09 Altar of Kings
00:20 Barracks
00:35 Farm
00:51 Farm
01:31 Farm
01:49 Scout Tower
01:57 Lumber Mill
02:22 Arcane Tower
02:36 Arcane Vault
03:39 Town Hall
04:52 Keep
05:29 Scout Tower
05:29 Scout Tower
05:29 Scout Tower
05:51 Farm
06:14 Guard Tower
06:49 Scout Tower
06:49 Scout Tower
06:50 Scout Tower
07:21 Arcane Sanctum
07:33 Guard Tower
07:45 Arcane Sanctum
08:29 Castle
09:07 Scout Tower
09:08 Scout Tower
09:08 Scout Tower
09:09 Scout Tower
09:09 Scout Tower
09:09 Scout Tower
10:18 Guard Tower
10:21 Scout Tower
10:21 Scout Tower
10:23 Scout Tower
10:23 Scout Tower
10:23 Scout Tower
11:10 Guard Tower
11:38 Guard Tower
13:06 Scout Tower
13:06 Scout Tower
13:07 Scout Tower
13:07 Scout Tower
13:30 Scout Tower
13:30 Scout Tower
13:39 Guard Tower
14:49 Guard Tower
14:52 Scout Tower
14:53 Scout Tower
14:53 Scout Tower
17:23 Guard Tower
17:24 Guard Tower
21:27 Altar of Kings
21:37 Gryphon Aviary
21:50 Gryphon Aviary
21:52 Farm
21:53 Farm
21:53 Farm
21:53 Farm
24:15 Gryphon Aviary
» items
| Scroll of Regeneration | 4 | |
| Potion of Mana | 3 | |
| Staff of Teleportation | 1 | |
| Potion of Invisibility | 4 | |
| Dust of Appearance | 1 | |
| Lesser Clarity Potion | 1 | |
| Scroll of Town Portal | 1 | |
| Boots of Speed | 1 | |
| Scroll of Healing | 1 | |
17 total
Chat log
(00:14 / All) kevin-spacey-: nto 2 shabby
(00:16 / All) kevin-spacey-: y'all
(00:48 / All) HollywoodHogan: They have a saying where I'm from
(00:51 / All) HollywoodHogan: If you're coming on COME ON
(01:08 / All) Just_Learning: coming on what
(02:29 / Allies) Just_Learning: lets lose
(04:51 / All) HollywoodHogan: these creep skeleis are gay
(07:39 / Allies) Just_Learning: help
(09:04 / Allies) VIadTheImpaler: ty
(11:38 / Allies) CivilianTrash: i need 20 gold
(11:50 / Allies) CivilianTrash: ty
(13:12 / Allies) Just_Learning: gold?
(13:39 / Allies) Just_Learning: oj gold?
(13:44 / Allies) VIadTheImpaler: it's in the mines
(14:02 / Allies) Just_Learning: spend ur shit
(15:12 / Allies) VIadTheImpaler: gold to whoever helps me
(15:14 / Allies) Just_Learning: thas gma ei guess
(16:57 / All) HollywoodHogan: lawl
(17:11 / Allies) g00b: tp to oj plz
(17:51 / All) kevin-spacey-: lawl
(21:22 / All) HollywoodHogan: that'll fool me
(21:46 / All) kevin-spacey-: ur 3 ud left to our 2 heroes
(21:57 / All) VIadTheImpaler: lawl
(22:11 / All) VIadTheImpaler: none of the fucking shops have pendants
(22:22 / All) kevin-spacey-: for wut
(22:30 / All) VIadTheImpaler: ?
(22:32 / All) VIadTheImpaler: pendants of energy
(24:19 / All) VIadTheImpaler: Teal doing nothing but fight harass all game
(26:26 / All) kevin-spacey-: i just dont know what is happening
(26:49 / All) VIadTheImpaler: no mana, he silences anyway
(27:05 / All) kevin-spacey-: kik
(27:28 / All) kevin-spacey-: u suck oj
(27:29 / All) HollywoodHogan: Baron Frostfel is a marked man
(27:33 / All) kevin-spacey-: we have 3 armies
(27:33 / All) VIadTheImpaler: Fucking noobie UD
(27:35 / All) kevin-spacey-: u have on chance
(27:50 / All) HollywoodHogan: Marked by the Dark Brotherhood
(28:06 / All) HollywoodHogan: Pink performed the ritual
(28:08 / All) HollywoodHogan: He had it in for you
(28:27 / All) kevin-spacey-: i dont deny these accusations
(28:57 / All) VIadTheImpaler: He'll micro acolytes until the last
(29:18 / All) HollywoodHogan: hahaha
(29:33 / All) HollywoodHogan: You can't stop this train
(31:12 / All) HollywoodHogan: that'll be a blast
(32:23 / All) VIadTheImpaler: LOL
(32:24 / All) kevin-spacey-: lol
(32:26 / All) HollywoodHogan: lol
(32:26 / All) VIadTheImpaler: sapper kill
(32:27 / All) kevin-spacey-: it looked like
(32:30 / All) kevin-spacey-: sapper got 250 hit
(32:38 / All) VIadTheImpaler: Has he been talking at all?
(32:43 / All) HollywoodHogan: We're all laughing at you teal
(32:44 / All) VIadTheImpaler: lmao shade
(33:02 / All) kevin-spacey-: no hes quiet, but i know teal he has shit talked before when the tables were turned
(33:32 / All) kevin-spacey-: challenge 5 sh redders
(33:48 / All) HollywoodHogan: No challenge at all
(33:53 / All) HollywoodHogan: oh wait
(33:54 / All) HollywoodHogan: LOL
(33:55 / All) kevin-spacey-: they are lol
(33:59 / All) VIadTheImpaler: shit I wasn't paying attention
(34:00 / All) HollywoodHogan: they do so much damage
(34:04 / All) kevin-spacey-: shit sorry soryr
(34:08 / All) kevin-spacey-: ill kill mysel fnow
(34:09 / All) kevin-spacey-: father
(34:09 / All) VIadTheImpaler: lol you used dust
(34:14 / All) VIadTheImpaler: I'm going to kill your entire base
(34:26 / All) kevin-spacey-: im sorry father
(34:31 / All) kevin-spacey-: i am committing sppekku now
(34:43 / All) HollywoodHogan: I wonder if he would have beat them if he bladestorm
(34:48 / All) kevin-spacey-: now
(34:50 / All) VIadTheImpaler: XP for you Bob
(34:50 / All) kevin-spacey-: no
(34:56 / All) VIadTheImpaler: I was collecting undead units
(34:57 / All) kevin-spacey-: i thought oj was bob god
(34:59 / All) kevin-spacey-: im stupid
(34:59 / All) VIadTheImpaler: and not focusing on the bm
(35:40 / All) kevin-spacey-: teal isgetting enjoyment of having 1 food left
(35:42 / All) kevin-spacey-: wher eis it
(36:05 / All) kevin-spacey-: yes ifound it
(36:59 / All) VIadTheImpaler: PENDANT AT BOT RIGHT FINALLY WOOT
(37:08 / All) VIadTheImpaler: and top right and top left
(37:29 / All) kevin-spacey-: rawerrrrr
(38:04 / All) kevin-spacey-: one more game or that it?
(38:04 / All) HollywoodHogan: your team deserve loss
(38:09 / All) HollywoodHogan: they all left because of 2 hero